[Event "44th Chess Olympiad Women 2022"]
[Site "Chennai"]
[Date "2022.07.30"]
[Round "2.9"]
[White "Danielian, Elina"]
[Black "Machlik, Monika"]
[Result "1-0"]
[WhiteElo "2441"]
[BlackElo "2111"]
[Annotator "TA"]
[PlyCount "69"]
[EventDate "2022.??.??"]
[TimeControl "60"]

1. d4 Nf6 2. Nf3 e6 3. e3 d5 4. c4 c5 5. Nc3 dxc4 6. Bxc4 a6 7. Bb3 Nc6 8. O-O Be7 {
[%emt 0:03:49] 8...cxd4 is not played anymore.} 9. dxc5 {[%emt 0:09:54] D27:
Queen's Gambit Accepted: Classical main line: 7 e4!? and 7 a4.} Qxd1 10. Rxd1 Bxc5 11. Ng5 {[%emt 0:00:50]
White is slightly better.} O-O 12. Nge4 Nxe4 13. Nxe4 Be7 14. Bd2 Rd8 15. Rac1 Bd7 16. Nc5 {[%emt 0:01:06] [#]} Rab8 $146 ({Predecessor:} 
16... Bxc5 17. Rxc5 Be8 18. f3 Rac8 19. Be1 Rxd1 20. Bxd1 Ne7 21. Rxc8 Nxc8 22.
e4 f6 {1-0 (43) Grigore,G (2542)-Bonte,A (2323) Baia Sprie 2009}) 17. Nxd7 Rxd7 18. Kf1 Rbd8 19. Ke2 Bf6 20. Bc3 (20. Ba4 {looks sharper.} Bxb2 21. Rc2 Bf6 22. Bxc6 bxc6 23. Rb1) 20... Rxd1 21. Bxd1 Bxc3 22. Rxc3 $11 {
[%emt 0:00:04] Endgame KRB-KRN} Rc8 23. Ba4 b5 (23... Ne7 $11) 24. Bc2 $16 {[%emt 0:02:05] Hoping for Be4.
} f5 {[%emt 0:00:23] Inhibits Be4.} (24... Kf8 $16) 25. a4 $18 b4 (25... Kf8 $16 {is a better defense.})
26. Rc5 {[%emt 0:01:39] [#] And now Bd3 would win.} Na7 $2 (
26... a5 27. Bd3 (27. Bb3 Kf7 $16) 27... Na7 28. Rxa5 Rc7) 27. Rxc8+ Nxc8 {[%emt 0:00:01] KB-KN} 28. Kd3 Nb6 (28... Nd6 {was worth a try.} 29. Kd4 Kf7) 29. a5 {[%emt 0:04:56] White
is clearly winning.} Nd5 30. Kd4 Kf7 {
[%emt 0:00:17] [#]} 31. Bxf5 $1 Ke7 (31...
Nxe3 32. Bd3) 32. Bd3 Kd6 33. Bxa6 Ne7 34. Bb7 Kc7 35.
Be4 {[%emt 0:00:28] Weighted Error Value: White=0.03 (flawless) /Black=0.34}
1-0

[Event "44th Chess Olympiad Women 2022"]
[Site "Chennai"]
[Date "2022.07.30"]
[Round "2.11"]
[White "Maklakova, Nellija"]
[Black "Gomes, Mary Ann"]
[Result "0-1"]
[WhiteElo "1819"]
[BlackElo "2324"]
[Annotator "TA"]
[PlyCount "120"]
[EventDate "2022.??.??"]
[TimeControl "60"]

1. Nf3 c5 2. e3 Nf6 3. d4 g6 4. Be2 Bg7 5. O-O O-O 6. b3 b6 7. Bb2 Bb7 8. Nbd2 d6 9. Re1 {[%emt 0:
00:00] A48:1 d4 Nf6 2 Nf3 g6: Torre, London and Colle Systems.} Nbd7 {[%emt 0:
00:00] [#]} 10. Rc1 $146 ({Predecessor:} 10. c4 Re8 11. Qc2 e5
12. dxe5 dxe5 13. Red1 Qc7 14. Nf1 e4 15. Ne1 Ne5 16. Bc3 h5 {0-1 (62) Islam,K
(2253)-Subhayan,K (2185) Dhaka 2018}) 10... Rc8 11. Bf1 {
[%emt 0:03:49] The position is equal.} Rc7 12. c4 e6 13. a3 Qa8 14. b4 Rd8 15. Qb3 d5 (15... cxd4 $11 16. exd4 Bh6) 16. Ne5 Nxe5 17. dxe5 Ng4 18. f4 d4
$1 19. exd4 cxd4 20. Nf3 Bxf3 21. gxf3 Ne3 {[%emt 0:
00:00] Black is more active.} 22. Rxe3 {[%emt 0:07:48] Now White is beyond
hope.} (22. Bxd4 $17 Nxf1 23. Rcd1) 22... dxe3 $19 23. Qxe3 Rcd7 24. c5 (24. Bc3 $142)
24... bxc5 25. bxc5 Qc6 26.
Bc3 Bf8 27. Bb4 Rd1 28. Rxd1 Rxd1 29. Kg2 a5 30. Be2 Ra1 ({Don't go for} 30... axb4 $2 31. Bxd1 Qd5 32. Qc1 bxa3 33. c6 $17) 31.
Bxa5 Bxc5 32. Qb3 Rg1+ 33. Kh3 Qc8 {[%emt 0:00:10] [#] Prevents Qb8.
( -> ...Qf8)} 34. Qd3 Qf8 35. Qd8 Qxd8 36. Bxd8 {[%emt 0:00:04] A strong pair
of Bishops.} Bxa3 {[%emt 0:00:07] Endgame KRB-KB} 37. Bg5 Bf8 38. Bd3 h6 39. Bh4 Bc5 40. Be4 $2 (40.
Bg3) 40... Be3 41. Bg3 Kg7 (
41... g5 $142 42. fxg5 hxg5) 42. Bd3 $2 (42. Kg4) 42... g5 {
[%emt 0:00:00] Black is clearly winning.} 43. fxg5 hxg5 44. Be4 Kh6 45. Kg4 Bf4 46. Kh3 Kh5 {[%emt 0:00:00] [#] .
..Bxg3 is the strong threat.} 47. Bc6 Rc1 (
47... Bxg3 $142 48. hxg3 g4+ 49. fxg4+ Kg5) 48. Be8 Rc7 {
[%emt 0:00:00] Hoping for ...Bxg3.} 49. Ba4 (49. Bf2 $142)
49... Bxg3 50. hxg3 {[%emt 0:00:00] KR-KB} Kg6 51. Be8 Kf5 52. Bb5 Kxe5 53. Kg4 f6 54. Bd3 Rg7 55. Kh5 f5 56. Kh6 Kf6 57. g4 Rd7 58. Bb5 Rd2 59. Kh7 fxg4 60. fxg4 Rg2 {[%emt 0:00:00] Weighted Error Value: White=0.90/ Black=0.35} 0-1

[Event "44th Chess Olympiad Women 2022"]
[Site "Chennai"]
[Date "2022.07.30"]
[Round "2.11"]
[White "Soumya, Swaminathan"]
[Black "Ter-Avetisjana, Agnesa Stepania"]
[Result "1-0"]
[WhiteElo "2335"]
[BlackElo "1962"]
[Annotator "TA"]
[PlyCount "154"]
[EventDate "2022.??.??"]
[TimeControl "60"]

1. e4 c6 2. d4 d5 3. e5 Bf5 4. c4 e6 5. Nc3 Nd7 6. h3 {[%emt 0:00:42] B12: Caro-Kann:
Advance Variation.} h6 7. Nf3 Ne7 8. a3 {[%emt 0:01:43] The position is equal.} a5 {[%emt 0:01:27] [#]}
9. Be2 $146 ({Predecessor:} 9. Nh4 Bh7 10. Bd3 Bxd3 11. Qxd3
dxc4 12. Qxc4 Nd5 13. Nf3 Be7 14. Nxd5 cxd5 15. Qb3 {½-½ (32) Salinas,E (723)
-Raines,D (898) LSS email 2014}) 9... dxc4 10. Bxc4 Nb6 11. Bd3 Bxd3 12.
Qxd3 Ned5 13. Ne4 Be7 14. O-O Nd7 15. Bd2 O-O 16. Rfc1 Qb6 17.
Qc4 Rfd8 (17... Qxb2 $2 18. Rcb1 b5 19. Qd3 (
19. Rxb2 bxc4 20. Rc2 N7b6 $17) 19... Qxa1 20. Rxa1 $18) 18. Ne1 Qa6 ({Don't take} 18...
Qxb2 19. Rcb1 b5 20. Qd3 (20. Rxb2 bxc4 21. Rc2 c5 $17) 20... Nxe5 21. dxe5 (
21. Rxb2 Nxd3 22. Nxd3 Nf6 $14) 21... Qxe5 22. Qc2 $14 (22. Nf3 Qc7 $14)) 19.
Qb3 Rac8 20. Qg3 {[%emt 0:00:45] Strongly
threatening Bxh6.} Kh8 21. Nd3 f5 (21... Qa7 $11) 22. exf6 N5xf6 23.
Re1 {[%emt 0:04:30][%cal Yc1e1,Ye1e4,Ye4e5] Threatens to win with Nxf6.} c5 24. Nf4 {[%emt 0:01:49] aiming for Ng6+. 0x0.
0024b81d1a63dp-1022s more active pieces.} Nf8 25. Ng6+ Nxg6 26. Qxg6 {[%emt 0:00:10][%cal Yd2h6]
Black must now prevent Bxh6!} Nxe4 27. Rxe4 {[%emt 0:00:15]
[%cal Yd2h6] Hoping for Bxh6!} e5 (27... Bf6 $2 {[#]} 28. Bxh6
$1 Rxd4 29. Rxe6 $3 $18) 28. Qxa6 bxa6 29.
Bxa5 Rxd4 30. Rxe5 Bf6 31. Re3 Rc4 32. b3 (32. Bc3 $16) 32... Rc2 $14 33. Rae1 Bd4 (33... Bb2 $11) 34. R3e2 $16 Rxe2 35. Rxe2 {[%emt 0:00:01] Endgame KRB-KRB} Rb8 36. b4 Bc3 37. Re4 Kg8 38. Rc4 cxb4 39. axb4 (39. Bxb4 $142 Bb2 40. Kf1) 39... Bd2 40. Rd4 Bc3 41. Re4 Kf7 42. Kf1 Re8 43. Rxe8 (
43. Rf4+ $16 Kg6 44. g3) 43... Kxe8 {[%emt 0:00:00] KB-KB} 44. Ke2 Kd7 45. Kd3 Be1 46. f3 h5 (46... Bf2 $11 {should be considered.})
47. g4 (47. Kc4 $14) 47... hxg4 $11 48. hxg4 Kd6 49. Kc4 Bf2 50. Bd8 Be3 51. Bh4 Bd2 52. Bg3+ Kc6 53. f4 ({White should play} 53. Be5 $14 g6 54. f4) 53... g6 54. f5 gxf5 55. gxf5 Bh6 56. Be5 Kd7 57. Kd5 Bf8 58. Bc3 Ke7 59. Kc5 Kf7+ $1 60. Kc4 Be7 61. Kb3 $1 Bf8 62. Ka4 Be7 $2 {[%emt 0:00:15] This move loses the game for Black.} (
62... Bd6 $14) 63. Ka5 $18 Bf8 64. Bd4 Bd6 65. Bc5 Bc7+ 66. Kxa6 Kf6 {[%emt 0:00:26] White mates.} 67. Kb7 Be5 68. Kc6 Kxf5 69. b5 Ke6 70.
b6 Bb8 71. b7 Ke5 72. Bb6 Ke6 73. Bc7 Ba7 74. Bd6 Kf7 75. Kd7 Kf6 76. Kc8 Ke6 77. Bc5 Kd5 {[%emt 0:00:11] Weighted Error Value:
White=0.11 (very precise) /Black=0.12 (very precise)} 1-0

[Event "44th Chess Olympiad Women 2022"]
[Site "Chennai"]
[Date "2022.07.30"]
[Round "2.11"]
[White "Vantika Agrawal"]
[Black "Rogule, Laura"]
[Result "1-0"]
[WhiteElo "2371"]
[BlackElo "2292"]
[Annotator "TA"]
[PlyCount "141"]
[EventDate "2022.??.??"]
[TimeControl "60"]

1. d4 Nf6 2. c4 e6 3. Nf3 b6 4. g3 Ba6 5. b3 c6 6. Bg2 d5 7. O-O {[%emt 0:00:30] 7.Nbd2 is more advanced technology.} Nbd7 {[%emt 0:00:
00] E15: Queen's Indian: 4 g3 sidelines, 4 g3 Ba6 and 4 g3 Bb7 early
deviations.} 8. Qc2 Rc8 9. Bb2 c5 {[%emt 0:00:30] White has an edge.} 10. Nbd2 Be7 11. Rac1 dxc4 12. Nxc4 O-O 13. Rfd1 {
[%emt 0:00:30] [#]} Qe8 $146 ({Predecessor:} 13... Bb7 14.
dxc5 Rxc5 15. Ng5 Bxg2 16. Bxf6 Rxg5 17. Bxg5 Bxg5 18. f4 Bd5 19. fxg5 Qxg5 20.
Qd2 {1-0 (37) Hulak,K (2570)-Dizdar,G (2525) Bled 2002}) 14. Qb1 b5 15. Nce5 b4 16. e3 Nb6 17. dxc5 Bxc5 18. Ng5 h6 19. Ne4 {
[%emt 0:00:30] White is much more active.} Nxe4 20. Qxe4 {
[%emt 0:00:30] [#] Strongly threatening Nc6.} Nd5 21. Nc4 Qe7 22. Qe5 f6 23. Qh5 Bb7 24. Qe2 Rfd8 25. h4 Ba8 26. Qg4 Nb6 27. Rxd8+ Rxd8 28. Bxa8 Rxa8 29. Rd1 (29. Na5 $14 e5 30. Qe2) 29... Nd5 30. Qe4 {[%emt 0:00:30] Black must now prevent Rxd5.} Rd8 31. Qc2 Rd7 32. Rd3 Qf7 33. e4 Nb6 34. Rxd7 Qxd7 35. Ne5 fxe5 $2 (35... Qd6 $17 {and life is bright.} 36. Nd3 Qxg3+ 37. Kf1 Qh3+
38. Ke2 Qg4+ 39. Kd2 Bf8) 36. Qxc5 $17 {[%emt 0:00:30] Endgame KQB-KQN} Qd1+ 37. Kg2 Nd7 38. Qxa7 ({White should play} 38. Qe7 $18) 38... Kf7 (
38... Kh7 $16 {is a better defense.}) 39. Qa8 (39. Qb7 $18 {
has better winning chances.}) 39... Qd3 $2 (39... Qc2 $16) 40.
Qc6 Ke7 41. Qb7 Qd6 42. Bc1 h5 (42... Kf8 $142
43. Be3 Kg8) 43. Be3 Kf8 44. Qc8+ Kf7 45. Qc2 Kg6 46.
Qd2 Qe7 47. f3 Nb8 48. Bf2 (48. Qc1 $142) 48... Nc6 $18 49. f4 Kh7 (49... exf4 $16 50. gxf4 (50. Qxf4
Qd8 $16) 50... Kf7) 50. Qe2 g6 $2 (50... Qe8
{was worth a try.} 51. fxe5 Nxe5) 51. Qb5 Qd6 52. Qc5 Qd7 53. fxe5 Qb7 54. Qd6 Ne7 $2 (54... Qc8 55.
Bc5 Kg8) 55. Kh2 Ng8 56. Qxe6 Qxe4 (56... Nh6 $142 57. Qd5 Ng4+ 58. Kg2 Qc7) 57. Qf7+ Kh8 58. Qf4 {[%emt 0:00:30] Against Nh6} Qc2 59. Kg2 Qxa2 60. e6 {[%emt 0:
00:30] Intending Kh3 and mate.} Qe2 61. Qf7 Qe4+ 62. Kg1 Nh6 (62... Qb1+
$18 63. Kh2 Qc2) 63. Qf6+ {[%emt 0:00:30] White mates.} Kh7 64. Qe7+ ({Stronger than} 64. Bd4 Qe1+ 65. Kg2 Qe2+ 66. Bf2 (
66. Kh3 Qg4+ 67. Kg2 Qe2+ 68. Bf2 Qe4+ 69. Kf1 Nf5 $14) 66... Qe4+ 67. Kf1 (67.
Kg1 Qb1+ 68. Kg2 Qe4+ 69. Kf1 Nf5 $14) 67... Nf5 $14) 64... Kg8 65. Qd8+ Kh7 66. Qd7+ Kg8 67. e7 Qb1+ 68. Kh2 Ng4+ {[%emt 0:00:30] [#]} 69. Qxg4 $3 hxg4 (69... Qf5 70. e8=Q+) 70. e8=Q+ Kh7 71. Qf7+ {[%emt 0:00:30] Weighted Error Value: White=0.31/
Black=0.37} 1-0

[Event "44th Chess Olympiad Women 2022"]
[Site "Chennai"]
[Date "2022.07.30"]
[Round "2.12"]
[White "Putar, Lara"]
[Black "Gaal, Zsoka"]
[Result "0-1"]
[WhiteElo "1969"]
[BlackElo "2313"]
[Annotator "TA"]
[PlyCount "110"]
[EventDate "2022.??.??"]
[TimeControl "60"]

1. d4 d5 2. c4 dxc4 3. Nf3 Nf6 4. e3 e6 5. Bxc4 a6 6. O-O c5 7. dxc5 Bxc5 8. Qxd8+ Kxd8 9. Rd1+ Ke7 10. a3 b5 11. Be2 Bb7 12. b4 Bd6 13. Bb2 Nbd7 14. Nbd2 {[%emt 0:03:22]
D27: Queen's Gambit Accepted: Classical main line: 7 e4!? and 7 a4.} Nb6 15. Bd4 Na4 {[%emt 0:03:07] [#]} 16. Rdc1 $146
{[%emt 0:09:06] The position is equal.} ({Predecessor:} 16. Nb3 Bd5 17. Na5 Ne4
18. Rac1 Rhc8 19. Bd3 f6 20. Bxe4 Bxe4 21. Ne1 e5 22. Ba1 {0-1 (66) Schebler,G
(2496)-Feller,S (2478) Differdange 2007}) 16... Rhc8 17. Bd1 Bd5 18. Bxa4 bxa4 19. Ne5 Rxc1+ 20. Rxc1 a5 21. Nd3 (21.
bxa5 $11 Bxa3 22. Ra1 (22. Rc7+ Ke8 $11)) 21... axb4 $15 22.
Nxb4 Bxb4 23. axb4 a3 24. Nc4 $2 {[%emt 0:05:01] White does not recover from this.} (
{Better is} 24. Ba1 $1 $15) 24... Bxc4 $19 25. Rxc4 {[%emt 0:
00:02] Endgame KRB-KRN} a2 26. Ba1 (26. Rc1 {
was necessary.}) 26... Rd8 {[%emt 0:01:59][%cal Rd8d1] [#]} 27. Rc7+ Rd7 28. Rc1 Rd3 29.
Kf1 Rb3 30. Ke2 Rb1 ({Weaker is} 30... Rxb4 31. Rc7+ Nd7 32. Ra7 $11) 31. Kd2 Ne4+ ({Worse is} 31... Rxb4 32. Rc7+ Kd6 33.
Ra7 $11) 32. Kc2 Rxb4 {[%emt 0:00:13] White must now prevent .
..Rc4+.} 33. Bd4 $2 (33. Rf1) 33... Rc4+ 34.
Kb2 Rxc1 35. Kxc1 Nxf2 {
[%emt 0:00:42] KB-KN} 36. Kb2 e5 37. Bb6 Ke6 38. Kxa2 Kd5 39. Kb3 Ke4 {[%emt 0:00:00] ...Ng4 is the strong threat.}
40. Kc2 Ng4 $1 41. Kd2 Nxh2 {[%emt 0:30:07] Black mates.} 42. Ke2 Ng4 43. Bc5 h5 44. Bb6 Nh6 45. Kf2 Nf5 46.
Bc5 g5 47. Bb6 h4 48. Bd8 g4 49. Bb6 h3 50. gxh3 gxh3 51. Ba7 {[%emt 0:00:45] [#]} Nxe3 $1 52. Kg3 f5 53. Kxh3 Kf3 54. Kh2 e4 55. Bc5 Nc2 {[%emt 0:00:
11] Weighted Error Value: White=1.00/Black=0.05 (flawless)} 0-1

[Event "44th Chess Olympiad Women 2022"]
[Site "Chennai"]
[Date "2022.07.30"]
[Round "2.12"]
[White "Terbe, Julianna"]
[Black "Mirza, Diana"]
[Result "1-0"]
[WhiteElo "2291"]
[BlackElo "1898"]
[Annotator "TA"]
[PlyCount "109"]
[EventDate "2022.??.??"]
[TimeControl "60"]

1. d4 d5 2.
Nf3 Nf6 3. g3 g6 4. Bg2 Bg7 5. c4 c6 6. cxd5 cxd5 7. Nc3 Nc6 8. Ne5 Bf5 9. Nxc6 bxc6 10. O-O O-O 11. Bf4 Nh5 12. Be3 {
[%emt 0:01:00] D79: Fianchetto Grünfeld: Symmetrical Variation (6 0-0 c6 7
cxd5 cxd5).} Nf6 {[%emt 0:01:35][%cal Yh5f6,Yf6d7,Yd7b6,Yb6c4] 12... c5 is
setting a new trend.} 13. Na4 Nd7 14. Rc1 {
[%emt 0:02:49] The position is equal.} Rc8 15. Qd2 Nb6 16. Qd1 Nc4 17.
Bf4 e5 18. dxe5 Nxe5 19. b3 Re8 20. Qd2 Qe7 21. Rfe1 {[%emt 0:04:41] [#]} Ng4 $146 ({Predecessor:} 21... Nd7 22. Qa5 Nf6 23. Qc5 Ne4 24. Qxe7 Rxe7
25. g4 Bd7 26. h3 g5 27. Bh2 f5 28. gxf5 Bxf5 29. e3 Bd7 30. Rc2 h6 31. Bxe4
dxe4 {1-0 (52) Praggnanandhaa,R (2619)-Mekhitarian,K (2569) Chess. com INT 2022
}) 22. Nc5 Nf6 {[%emt 0:10:23] Against e4} 23. Be3 Ng4 24. Bd4 Bh6 25. e3 Ne5 26. Qc3 Bg4 {[%emt 0:03:36] A mistake that costs the game.} (26... Qc7 $16) 27. Bxe5
$18 Qxe5 28. Qxe5 Rxe5 29. h3 Bf5 30. g4 Be4 31. f3 Bxf3 32.
Bxf3 Rxe3 33. Kg2 Rce8 34. Rxe3 Rxe3 {[%emt 0:01:04] [#]} 35. Rc2 $1 d4 36. Re2 Rc3 37. Ne4 Rc1 38. g5 Bf8 39. Nf6+ Kg7 40. Rd2 c5 $2 (40... h6 {is a better defense.} 41.
Ne8+ (41. Rxd4 hxg5 42. Ne4 Kh6 $18) 41... Kg8) 41. Bd5 Be7 42. Ne4 f5 43. gxf6+ $1 Bxf6 44. Nxf6 (44. Rf2 $142
Be5 45. Rf7+ Kh6 46. Rxa7) 44... Kxf6 {[%emt 0:00:01] Endgame KRB-KR} 45. Bc4 Rc3 (45... Kf5 $142 46. Rf2+ Ke4) 46. Re2 h5 47. Re6+ Kf5 {[%emt 0:01:
42][%cal Yc3c4] [#] aiming for ...Rxc4!} 48. Rc6 ({White must
play} 48. Ra6 $1 $18) 48... Rc2+ $16 49. Kf3 {[%emt 0:00:00]
Bd3+ is the strong threat.} Rxa2 (49... Rc3+ $16 {was called
for.} 50. Ke2 Ke4) 50. Rxc5+ Kf6 51. h4 {
[%emt 0:00:00] And now Rc6+ would win.} a5 $2 (51... Rh2 52.
Rc6+ Kf5 53. Bd3+ Ke5 54. Rxg6 (54. Bxg6 Rxh4 55. Rc5+ Kd6 $16) 54... Rh3+ 55.
Rg3 Rxh4 56. Rg5+ Kd6) 52. Rc6+ Kg7 53. Rc7+ Kf6 $2 (53... Kf8 $18 54. Ra7 Rh2) 54. Ke4 (54. Kf4 $142 Rf2+ 55. Ke4 g5 56. Rf7+ Kg6 57. Rxf2 gxh4 58.
Kxd4 h3 59. Bd3+ Kg5 60. Rf5+ Kg6 61. Rxa5+ Kf6 62. Rxh5) 54... Rh2 55. Rf7# {[%emt 0:00:00] Weighted Error Value: White=0.24 (precise) /
Black=0.65} 1-0

[Event "44th Chess Olympiad Women 2022"]
[Site "Chennai"]
[Date "2022.07.30"]
[Round "2.13"]
[White "Azhar, Puteri Munajjah Az-"]
[Black "Garcia Martin, Marta"]
[Result "0-1"]
[WhiteElo "2018"]
[BlackElo "2305"]
[Annotator "TA"]
[PlyCount "116"]
[EventDate "2022.??.??"]
[TimeControl "60"]

1. e4 c5 2. Nf3 Nc6 3. Nc3 e5 4. Bc4 Be7 5. d3 Nf6 6. Nd5 d6 7. h3 {[%emt 0:01:47] B30: Sicilian: 2...Nc6 3 Bb5, lines
without ...g6.} O-O 8. c3 Nxd5 9. Bxd5 {[%emt 0:00:37] The position is equal.} Bf6 {[%emt 0:09:34] [#]}
10. Be3 $146 ({Predecessor:} 10. O-O Ne7 11. Bb3 Rb8 12. a4 b6
13. Nh2 Ng6 14. Qh5 Be6 15. Bxe6 fxe6 16. Qg4 {½-½ (49) Vera Cruz,A (2331)
-Leroy,J (2386) ICCF email 2015}) 10... Be6 11. Bxe6 fxe6 12. h4 Qd7 13.
Ng5 b5 14. Qg4 Rfe8 15. Rh3 b4 16. c4 b3 (16... a5 $11) 17. a3 Bxg5 18. hxg5 {[%emt 0:00:13] [#] Black must now prevent g6.} g6 $1 19. Ke2 Rad8 (19... Rf8 $11)
20. Rah1 $14 Re7 21. Rc1 (
21. Rf3 $1 $14) 21... Rf7 22. g3 a5 23. Rh2 a4 24. Rhh1 Rdf8 25. Rh2 (25. f4 exf4 26. gxf4 Nd4+ 27.
Kd2 Qe7 $15) 25... Rd8 26. Rhh1 Qe8 27. Rh6 Rfd7 28. Rhh1 Rf7 29. Rhf1 Qe7 30. f4 Rdf8 31. Qh3 (31. Rf2 $11)
31... Qd7 ({Black should play} 31... exf4 $17 32. Rxf4 (32.
gxf4 e5 $17) 32... e5 33. Rxf7 Qxf7) 32. Qg4 Qe7 33. Qh3 (33. Rf2 $11) 33... Qe8 (33...
exf4 $17 34. Rxf4 (34. gxf4 e5 $17) 34... e5 35. Rxf7 Qxf7) 34. Qg4 {[%emt 0:
00:00] [#]} (34. Rf3 $11) 34... Kh8 (34... exf4 $1 $17 35.
Rxf4 (35. gxf4 e5 $15) 35... e5) 35. Rf2 $11 Qe7 36. Rff1 (36. Re1 $11 {remains equal.}) 36... Kg8 37. Qh3 Qd7 (37... exf4 $17
38. Rxf4 (38. gxf4 $2 e5 $17) 38... e5 39. Rxf7 Qxf7) 38. Qg4 Rd8 39. Qh3 Rdf8 40. Qg4 Qe7 41. Rf2 Re8 42. Qh3 Qf8 43. Qg4 (43. Kf1 $11 {keeps the balance.}) 43... exf4 44. gxf4 Qg7 45. Kf1 Nd4 46. Qg3 Nc2 47. Rb1 Ref8 {[%emt 0:00:41] Black is much more active. The white rooks are
badly placed.} (47... Nxe3+ $17 48. Qxe3 Ref8) 48. Kg1 $2 {[%emt 0:00:00]
White does not recover from this.} (48. Bd2 $1 $11) 48... Nxe3 $19 49. Qxe3 e5 50. Rbf1 exf4 51. Rxf4 (51. Qf3) 51... Rxf4 {[%emt 0:
00:10] Black is clearly winning.} 52. Rxf4 Rxf4 (52... Qxb2 $142 53. Rxf8+ Kxf8) 53. Qxf4 Qxb2 {[%emt 0:
00:05] Strongly threatening ...Qe5. KQ-KQ} 54. Qg4 Qe5 {
[%emt 0:05:22] aiming for ...h5.} 55. Qc8+ Kf7 56. Qb7+ Qe7 57. Qb5 Qxg5+ 58. Kf2 b2 {[%emt 0:00:00] Weighted Error
Value: White=0.63/Black=0.18 (very precise)} (58... Qd2+ $142 59. Kg1 Qe1+ 60.
Kh2 Qe2+ 61. Kg3 Qxd3+ 62. Kg2 Qxe4+ 63. Kf2 Qe5 64. Qd7+ Kf6 65. Qd8+ Kf5) 0-1

[Event "44th Chess Olympiad Women 2022"]
[Site "Chennai"]
[Date "2022.07.30"]
[Round "2.13"]
[White "Vega Gutierrez, Sabrina"]
[Black "Foudzi, Siti Zulaikha"]
[Result "1-0"]
[WhiteElo "2366"]
[BlackElo "2188"]
[Annotator "TA"]
[PlyCount "97"]
[EventDate "2022.??.??"]
[TimeControl "60"]

1. e4 d6 2. d4 Nf6 3. Nc3 Nbd7 4. Nf3 e5 5. Bc4 Be7 6. a4 a5 {[%emt 0:00:21] C41: Philidor Defence.} 7. O-O (7. Ng5 $16 d5 8. exd5) 7... h6 8. Re1 c6 {[%emt 0:00:05] White is slightly better.} 9. Ba2 Qc7 10. Nh4 g6 {[%emt 0:01:14] Inhibits Nf5.} 11.
h3 Nf8 {[%emt 0:00:31] [#]} 12. Qd3 $146 ({
Predecessor:} 12. Be3 Ne6 13. d5 Ng7 14. Nf3 g5 15. Nd2 Ngh5 16. Bc4 Nf4 17.
Bxf4 gxf4 18. Bf1 {0-1 (41) Priyanka,K (2215)-Krishna,C (2466) Guwahati 2022})
12... Nh5 13. Nf3 g5 14. Qc4 Rh7 (14... Bd8 $16 {was necessary.}) 15. Nd5 (15. dxe5 $1 $18 {aiming for Nd5.} dxe5 16. Nd5) 15... Qd8 $16 16. Nxe7 {[%emt 0:00:39] White is much more active. The black
rooks are badly placed.} (16. dxe5 cxd5 17. exd5 Ng6 $11) 16... Qxe7 17. dxe5 dxe5 18. Qc3 f6 19. Nh2 (19. Be3 $16) 19... Nf4 20. Be3 Be6 21. Nf1 (21. Bc5 $5 Qf7 22. Bxe6 N8xe6 23. Rad1 $14) 21... Bxa2 22. Rxa2 Qe6 23. Ra3 N8g6 24. Qb3 ({White should
try} 24. Nd2 $14) 24... Qxb3 $15 25. Rxb3 Nh4 26. Bxf4 gxf4 ({Black
should play} 26... exf4 27. Rd1 Rd8 28. Rxd8+ Kxd8) 27. g3 Ng6 28. Nd2 ({Better is} 28. Rd1) 28... Rd7 29. Nc4 Rd4 30. Nb6 Rad8 31. c3 Rd3 32.
Kg2 fxg3 33. fxg3 Rd2+ 34. Kf3 {[%emt 0:00:53] Black should prevent Nc4.} Rh2 35. Nc4 Rd7 (
35... h5 $1 $11) 36. Re2 $36 {[%emt 0:08:41] Black is under strong pressure.}
Rxh3 {[%emt 0:07:33] [#]} 37. Kg2 (37. Rxb7 $3 $16 Rxb7 38.
Nd6+ Ke7 39. Nxb7) 37... Rh5 $2 {[%emt 0:00:23] Loses the game.} (37... Rd3 $1
$11 38. Kxh3 (38. Nd6+ Kd7 $11) 38... Nf4+ 39. Kh4 Nxe2) 38. Rxb7 $18 (38. Nxa5 $6 Rg5 $14) 38... Rd1 (38... Rxb7 {might
work better.} 39. Nd6+ Kd7 40. Nxb7 Rg5) 39. Rd2 ({Not} 39.
Nxa5 Rg5 $16) ({Weaker is} 39. Rf2 Rhh1 $16) 39... Rxd2+ 40.
Nxd2 {[%emt 0:00:08] Endgame KRN-KRN} Rg5 41. Nc4 Nf4+ 42. Kf3 Nd3 43. b4
{[%emt 0:00:00] Prevents Nc5. White is clearly winning.} axb4 44. cxb4 {[%emt 0:00:00] Hoping for a5.} Ne1+ 45. Ke2 {
[%emt 0:00:00] Black must now prevent a5.} Nc2 46. a5 {
[%emt 0:00:00][%cal Ya4a5,Ya5a6] Strongly threatening a6.} Nd4+ 47. Kf2 Nb5 48. a6 Rh5 {
[%emt 0:00:00] [#]} 49. Kg2 {[%emt 0:00:00] Weighted Error Value: White=0.19 
(very precise) /Black=0.38} (49. Rxb5 $142 $1 cxb5 50. a7 (50. Nd6+ Kd7 $17)
50... bxc4 51. a8=Q+ Kf7 52. Qd5+ Kg7 53. Qd7+ Kf8 54. Qc8+ Kg7 55. Qxc4) 1-0

[Event "44th Chess Olympiad Women 2022"]
[Site "Chennai"]
[Date "2022.07.30"]
[Round "2.14"]
[White "Forgas Moreno, Yaniela"]
[Black "Mihailova, Alina"]
[Result "1-0"]
[WhiteElo "2343"]
[BlackElo "1926"]
[Annotator "TA"]
[PlyCount "67"]
[EventDate "2022.??.??"]
[TimeControl "60"]

1. d3 d5 2. f4 c5 3. Nf3 Nc6 4. g3 g6 5. Bg2 Bg7 6. O-O Nf6 7. Nc3 O-O 8. Bd2 {[%emt 0:09:15][%cal Yc1d2,Yd2e1,Ye1f2] A03: Bird's Opening
with 1...d5.} Rb8 9. e4 {[%emt 0:02:31] [#]} d4 $146 ({Predecessor:} 9... dxe4 10. dxe4 e5 11. h3 Nh5 12. Kh2 exf4 13. gxf4
f5 14. e5 Bh6 15. Ne2 Be6 {1-0 (37) Bolduc,S (2159)-Dumouchel,A (1863)
Trois-Rivieres 2018}) 10. Ne2 {[%emt 0:08:34] The position is equal.} b5 11. h3 Nd7 12. g4 c4 13. Be1 Nc5 14.
Bf2 (14. e5 {seems wilder.} f6 15. Nfxd4 Nxd4 16. Nxd4 Qxd4+
17. Bf2) 14... cxd3 (14... Bb7 $11) 15. cxd3 $16 {[%emt 0:00:
00] And now Qc2 would win.} Nb4 {[%emt 0:02:12] [#] Inhibits Qc2.} 16. Nc1 (16. Ne1 $1 $16) 16... a5 17. a3 Nba6 18. Ne2 Rb7 {[%emt 0:01:31] Black is on the road to losing.} ({Black should
play} 18... b4 $1 $14) 19. Nexd4 ({Worse is} 19. Bxd4 Bxd4+
20. Nexd4 Rd7 $15) 19... Rd7 20. Nc6 $36 {[%emt 0:
07:07] White is on the roll.} ({Inferior is} 20. Nxb5 Nxd3 21. Qd2 Nac5 22.
Bxc5 Nxc5 $15) 20... Qc7 {[%emt 0:00:21] [#]} 21. Nce5 {[%emt 0:04:52] Black
must now prevent Rc1.} Rd6 (21... Rdd8 $142) 22. Rc1 $18 {
[%emt 0:00:41] Strongly threatening Bxc5.} f6 23. b4 axb4 24. axb4 fxe5 25. bxc5 Rc6 26. fxe5 Bxe5 (26... Be6 $142 27. Nd4 Rxf2) 27. Nxe5 {[%emt 0:00:37] White
is clearly winning.} Qxe5 28. d4 Qb8 29. Qb3+ Be6 30.
d5 Bf7 31. Bg3 Qc8 {[%emt 0:
00:46] [#]} 32. Rxf7 $1 Nxc5 (32... Rxf7 33.
dxc6) 33. Rxf8+ Qxf8 34. Qe3 {[%emt 0:00:21]
Weighted Error Value: White=0.09 (flawless) /Black=0.44} 1-0